Map: Odyssey LE

Players

NORTHAMERICA - Winner!

  • Race: Protoss Protoss
  • League: Master
  • Spawn Location: 5:00

망촐

  • Race: Terran Terran
  • League: Master
  • Spawn Location: 11:00

VOD

Have the link to the VOD?

Description

Time

  • Played on: Dec. 20, 2017, 1:25 a.m.
  • Length: 14:39
Show
View Real Time Build Order
Export as new Build Order

NORTHAMERICA Protoss - Winner!

Build Orders: 1 Gate Expand, Blink Stalkers, Colossus Rush 

Get SALT Encoding   

  12  0:03  Probe  
  13  0:15  Probe  
  13  0:21  Pylon  
  14  0:27  Probe  
  15  0:39  Gateway  
  16  0:43  Probe (Chrono Boost)  
  17  0:51  Probe (Chrono Boost)  
  17  0:53  Probe, Assimilator  
  18  1:06  Probe  
  19  1:22  Nexus  
  19  1:33  Cybernetics Core  
  20  1:40  Probe (Chrono Boost)  
  20  1:45  Assimilator  
  21  1:48  Probe (Chrono Boost)  
  21  1:51  Probe  
  22  1:58  Pylon  
  22  2:03  Probe  
  23  2:16  Probe  
  23  2:17  Warp Gate (Chrono Boost), Stalker (Chrono Boost)  
  26  2:28  Probe  
  26  2:37  Twilight Council  
  26  2:40  Probe x2  
  28  2:49  Stalker  
  30  2:55  Probe (Chrono Boost)  
  32  3:02  Probe (Chrono Boost)  
  32  3:05  Probe x2 (Chrono Boost)  
  34  3:06  Probe  
  35  3:17  Probe  
  35  3:18  Gateway  
  35  3:19  Probe, Gateway  
  37  3:29  Probe, Blink (Chrono Boost)  
  37  3:34  Pylon  
  38  3:35  Probe  
  39  3:42  Probe  
  39  3:47  Probe  
  41  3:52  Robotics Facility  
  41  3:54  Probe  
  42  3:55  Shield Battery  
  42  3:59  Probe  
  43  4:06  Probe  
  44  4:11  Probe  
  44  4:12  Stalker  
  44  4:15  Stalker x2  
  51  4:21  Probe  
  51  4:23  Probe  
  53  4:25  Assimilator  
  53  4:27  Assimilator  
  53  4:29  Pylon  
  53  4:30  Pylon  
  53  4:35  Probe  
  54  4:38  Pylon  
  54  4:47  Probe  
  54  4:49  Probe, Robotics Bay  
  54  4:50  Sentry  
  58  4:56  Gateway  
  58  4:57  Gateway  
  58  4:59  Observer  
  59  5:04  Probe  
  60  5:15  Stalker x3  
  60  5:16  Pylon  
  60  5:17  Probe  
  67  5:22  Pylon  
  61  5:39  Probe  
  62  5:44  Probe  
  62  5:49  Colossus (Chrono Boost)  
  63  5:51  Probe  
  63  5:53  Extended Thermal Lance (Chrono Boost)  
  70  5:59  Probe  
  71  6:11  Nexus  
  71  6:14  Pylon  
  71  6:18  Stalker x2  
  67  6:26  Probe  
  67  6:27  Probe  
  67  6:28  Charge  
  69  6:35  Colossus (Chrono Boost)  
  75  6:41  Probe  
  75  6:44  Probe  
  77  6:49  Gateway  
  77  7:04  Observer  
  77  7:06  Probe  
  77  7:07  Probe  
  79  7:14  Stalker  
  79  7:15  Stalker x3  
  87  7:19  Stalker  
  87  7:21  Colossus (Chrono Boost)  
  95  7:35  Probe  
  95  7:36  Probe, Forge  
  97  7:37  Forge  
  97  7:39  Probe (Chrono Boost)  
  100  7:55  Probe (Chrono Boost), Adept x3  
  100  7:57  Probe (Chrono Boost), Zealot  
  109  7:58  Probe (Chrono Boost)  
  109  7:59  Probe x2 (Chrono Boost)  
  109  8:01  Probe  
  109  8:03  Disruptor  
  109  8:05  Probe  
  114  8:09  Zealot  
  117  8:16  Pylon  
  117  8:19  Pylon  
  117  8:22  Protoss Ground Armor Level 1 (Chrono Boost)  
  117  8:32  Protoss Ground Weapons Level 1 (Chrono Boost)  
  117  8:34  Probe x2  
  113  8:41  Disruptor  
  113  8:47  Nexus  
  116  8:49  Pylon  
  116  8:58  Nexus  
  116  9:02  Probe  
  117  9:07  Probe  
  118  9:17  Disruptor  
  118  9:19  Dark Shrine  
  118  9:22  Stalker x2  
  125  9:34  Photon Cannon  
  125  9:37  Probe  
  126  9:44  Pylon  
  122  9:53  Disruptor  
  122  9:55  Zealot  
  117  10:08  Probe  
  117  10:09  Zealot  
  117  10:10  Zealot x4  
  128  10:14  Probe  
  128  10:16  Probe  
  130  10:21  Assimilator  
  130  10:25  Assimilator  
  127  10:28  Disruptor  
  127  10:30  Shield Battery  
  128  10:37  Probe  
  128  10:41  Dark Templar  
  128  10:42  Dark Templar  
  128  10:43  Dark Templar  
  128  10:48  Stalker x3  
  130  10:51  Probe  
  104  11:06  Probe  
  100  11:11  Dark Templar  
  100  11:12  Stalker  
  100  11:17  Gateway  
  103  11:19  Gateway x2  
  103  11:22  Gateway  
  103  11:23  Cybernetics Core  
  103  11:24  Probe  
  86  11:27  Dark Templar x2  
  88  11:35  Protoss Ground Weapons Level 2  
  88  11:36  Protoss Ground Armor Level 2  
  86  11:44  Probe  
  75  12:51  Pylon  
  75  12:54  Pylon  
  75  12:56  Pylon  
  75  12:58  Pylon  
  75  13:00  Gateway  
  75  13:02  Gateway  
  73  13:06  Photon Cannon  
  73  13:10  Photon Cannon  
  73  13:12  Probe x2  
  75  13:15  Pylon  
  75  13:19  Pylon  
  73  13:20  Stalker  
  73  13:21  Stalker x3  
  83  13:27  Probe (Chrono Boost)  
  83  13:28  Probe (Chrono Boost)  
  85  13:37  Probe x2 (Chrono Boost)  
  85  13:38  Probe x2  
  87  13:50  Probe  
  87  13:55  Probe  
  81  14:04  Stalker  
  81  14:05  Zealot, Stalker x2  
  87  14:27  Dark Shrine  
  87  14:28  Pylon  
Show
View Real Time Build Order
Export as new Build Order

망촐 Terran 

Build Orders: Reaper Expand, MMM Bio 

Get SALT Encoding   

  12  0:01  SCV  
  13  0:13  SCV  
  14  0:17  Supply Depot  
  14  0:25  SCV  
  15  0:39  SCV  
  15  0:40  Barracks  
  16  0:44  Refinery  
  16  0:51  SCV  
  17  1:03  SCV  
  18  1:15  SCV  
  19  1:27  Orbital Command  
  19  1:28  Reaper  
  20  1:45  Command Center  
  20  1:55  Supply Depot, SCV  
  21  2:03  Refinery  
  21  2:04  Barracks Reactor  
  21  2:07  SCV  
  22  2:25  Bunker  
  22  2:27  Factory  
  22  2:28  SCV  
  23  2:40  SCV  
  23  2:41  Marine x2  
  26  2:52  SCV  
  27  2:59  Marine x2, Orbital Command  
  29  3:07  SCV  
  30  3:16  Starport  
  30  3:20  SCV  
  30  3:21  Marine x2  
  33  3:28  SCV  
  33  3:33  Hellion  
  36  3:36  SCV  
  36  3:40  SCV  
  38  3:43  Marine x2  
  40  3:49  Supply Depot  
  40  3:53  Medivac  
  40  3:55  Hellion  
  44  3:56  SCV x2  
  46  4:10  Liberator, SCV  
  46  4:12  SCV  
  48  4:17  Factory Tech Lab  
  48  4:21  Marine x2  
  52  4:32  Command Center, SCV  
  52  4:33  Supply Depot  
  53  4:40  Siege Tank  
  53  4:45  SCV  
  57  4:51  Barracks Tech Lab  
  57  4:57  SCV  
  57  4:58  SCV  
  59  5:01  Refinery  
  59  5:06  Supply Depot  
  59  5:08  Barracks  
  59  5:09  SCV  
  59  5:11  Barracks, SCV  
  59  5:12  Marauder  
  63  5:21  SCV  
  63  5:22  Siege Tank  
  63  5:23  SCV  
  62  5:34  Marauder, SCV  
  62  5:35  SCV  
  61  5:46  SCV  
  61  5:47  SCV  
  61  5:48  Refinery, Starport Reactor  
  61  5:49  Orbital Command  
  62  5:50  Stimpack  
  60  5:58  SCV  
  60  5:59  SCV  
  60  6:02  Marine x2, Marauder  
  66  6:07  Combat Shields  
  66  6:09  Marauder, Factory Reactor, Barracks  
  66  6:10  SCV  
  69  6:11  SCV, Barracks  
  70  6:18  SCV  
  70  6:22  SCV  
  70  6:23  SCV  
  70  6:25  Marine x2  
  75  6:26  Marauder  
  75  6:28  Medivac  
  75  6:29  Medivac  
  75  6:30  Marauder, SCV  
  81  6:34  SCV  
  81  6:35  SCV  
  81  6:36  Supply Depot  
  81  6:38  Supply Depot  
  83  6:47  Marauder  
  83  6:51  SCV  
  88  6:54  Marine x2, Marauder  
  88  6:55  Engineering Bay  
  88  6:58  Engineering Bay  
  88  6:59  Barracks Tech Lab  
  90  7:02  Supply Depot, Factory Reactor  
  90  7:05  SCV  
  90  7:06  Marine x2, Orbital Command  
  93  7:09  Medivac  
  95  7:21  Marauder x2  
  95  7:22  Marine x2, Marauder  
  103  7:24  Marine x2  
  103  7:28  SCV  
  103  7:29  SCV  
  107  7:32  SCV  
  107  7:34  Widow Mine x2  
  108  7:39  Marine  
  108  7:40  Marine, SCV  
  108  7:41  SCV  
  116  7:45  Marine  
  117  7:51  Supply Depot  
  117  7:53  Supply Depot  
  117  8:01  Refinery  
  117  8:02  Refinery  
  117  8:04  Terran Infantry Weapons Level 1  
  117  8:05  Terran Infantry Armor Level 1  
  117  8:11  Supply Depot  
  117  8:12  Marine  
  117  8:13  Marine x2, Medivac x2, SCV  
  117  8:14  SCV  
  117  8:15  Supply Depot  
  126  8:26  Marine  
  127  8:27  Marine, Marauder  
  127  8:31  Marauder, Barracks  
  127  8:33  Widow Mine x2  
  127  8:34  Marine x2, Barracks  
  122  8:35  Marine, Armory  
  129  8:49  Marauder  
  116  8:55  Marine  
  116  8:56  Marine x4  
  116  8:57  Marauder  
  123  9:03  Medivac x2  
  123  9:07  SCV x2  
  123  9:09  SCV  
  125  9:10  Marauder  
  125  9:13  Marine x2  
  125  9:14  Marine  
  125  9:15  Marauder  
  132  9:20  Starport  
  132  9:21  Starport, Barracks Tech Lab, Barracks Reactor  
  132  9:23  Fusion Core  
  132  9:26  Terran Ship Weapons Level 1, Supply Depot  
  132  9:27  Supply Depot  
  132  9:28  Supply Depot  
  132  9:33  Marine x2  
  132  9:34  Marauder x2  
  132  9:37  Medivac x2  
  142  9:51  Marine x3  
  142  9:52  Marauder x2  
  149  9:53  Liberator x2  
  130  10:07  Liberator x2  
  130  10:11  Marine x3  
  130  10:12  Marine x2, Marauder  
  130  10:13  Marauder  
  145  10:26  Marine x3  
  153  10:34  Marauder  
  151  10:38  Marine x3  
  151  10:39  Marauder  
  128  10:50  Liberator x2  
  85  11:33  Liberator  
  85  11:38  Marine x2  
  85  11:39  Marine x2, Marauder  
  89  12:02  Command Center  
  58  12:35  Marine  
  58  12:36  Marine x3  
  67  12:37  Marauder  
  64  12:59  Command Center  
  64  13:16  Supply Depot x3  
  64  13:17  Supply Depot x2  
  64  13:19  Supply Depot  
  61  13:21  Supply Depot  
  61  13:22  Supply Depot  
  61  13:23  Orbital Command  
  61  13:25  Supply Depot  
  61  13:41  Supply Depot  
  53  13:57  Orbital Command  
  53  14:09  Command Center  
Tags
 
Add a new tag
Caveats
  • Supply blocks, unpowered buildings, or Contaminate may cause inaccurate times.
  • Supply counts are checked every 10 seconds.